cohdb
Replays
Latest Replays
All Replays
Popular Replays
Top Player Replays
Match Explorer
How It Works
Community
CoH3 Stats
Reddit
Sign in to upload your games and track your stats! →
Sign in with Steam
Match 43978086
Unlisted
Match 43978086
Overview
Messages
Build Orders
End
Construct Section Command Post
Infantry Section
Dingo Light Scout Car
Infantry Section
Vickers Machine Gun Team
Selects Canadian Shock Battlegroup
Selects Attacking Spirit
Construct Platoon Command Post
Infantry Section
Infantry Training
Unlock Bishop Self-propelled Artillery
Selects Incendiary Munitions
Grenade Package
6-pounder Anti-tank Gun Team
Bishop Self-propelled Artillery
Selects Pyrotechnics
Selects Canadian Shock Section
Seppun
ethan4d4
Libanese_de_Roma
Andreuz
0
0
Comments
sign in to comment!
No comments posted yet!